3AAA
RAPPAHANNOCK PARTISANS @ WICHITA OUTRIDERS
07/06/2018
 
TOP OF THE 1ST
Rappahannock Partisans batting - Pitching for Wichita Outriders : RHP Jim Unknown
Pitching: RHP Jim Unknown
Batting: RHB Bill Taylor 0-0: Called Strike
0-1: Ground out 5-3 (Groundball, 5S)
Batting: LHB Alfonso López 0-0: Ball
1-0: Called Strike
1-1: Ball
2-1: SOLO HOME RUN (Flyball, 89XD), Distance : 413 ft
Batting: RHB Eduardo Manuel 0-0: Ball
1-0: Called Strike
1-1: Fly out, F8 (Flyball, 8RM)
Batting: RHB José Mata 0-0: SINGLE (Line Drive, 89M)
Batting: RHB Cipriano Oliveira 0-0: Swinging Strike
0-1: Ball
1-1: Foul Ball, location: 2F
1-2: Strikes out swinging
Top of the 1st over - 1 run(s), 2 hit(s), 0 error(s), 1 left on base; Rappahannock 1 - Wichita 0
BOTTOM OF THE 1ST
Wichita Outriders batting - Pitching for Rappahannock Partisans : RHP Jim Unknown
Pitching: RHP Jim Unknown
Batting: RHB Jorge Vázquez 0-0: Ball
1-0: Ball
2-0: Called Strike
2-1: Ball
3-1: Ground out 5-3 (Groundball, 56S)
Batting: LHB Jim Unknown 0-0: Called Strike
0-1: Ball
1-1: Foul Ball, location: 2F
1-2: DOUBLE (Groundball, 3L)
Batting: LHB Herman Gilliland 0-0: Called Strike
0-1: Ball
1-1: Foul Ball, location: 2F
1-2: Ball
2-2: Strikes out swinging
Batting: RHB Jim Unknown 0-0: SINGLE (Groundball, 6MD)
Jim Unknown to third
Runner from 3rd tries for Home, SAFE, no throw or cutoff
Batting: SHB Jim Unknown 0-0: Fly out, F4 (Popup, 4)
Bottom of the 1st over - 1 run(s), 2 hit(s), 0 error(s), 1 left on base; Rappahannock 1 - Wichita 1
TOP OF THE 2ND
Rappahannock Partisans batting - Pitching for Wichita Outriders : RHP Jim Unknown
Batting: RHB Colby Turner 0-0: Called Strike
0-1: Called Strike
0-2: Ball
1-2: Reached on error, E6 (Groundball, 6)
Batting: LHB Marvin von Seydlitz 0-0: Ball
1-0: Grounds into double play, 5-4-3 (Groundball, 56)
Batting: LHB Miguel Mendoza 0-0: Called Strike
0-1: Called Strike
0-2: Ball
1-2: Strikes out swinging
Top of the 2nd over - 0 run(s), 0 hit(s), 1 error(s), 0 left on base; Rappahannock 1 - Wichita 1
BOTTOM OF THE 2ND
Wichita Outriders batting - Pitching for Rappahannock Partisans : RHP Jim Unknown
Batting: RHB Christian O'Neal 0-0: Ball
1-0: Ball
2-0: Ball
3-0: Base on Balls
Batting: RHB Jim Unknown 0-0: Hit by Pitch
Christian O'Neal to second
Batting: LHB Jim Unknown 0-0: Called Strike
0-1: 3-RUN HOME RUN (Flyball, 9D), Distance : 370 ft
Batting: RHB Jorge Rocha 0-0: Swinging Strike
0-1: Fly out, F5 (Popup, 5S)
Batting: RHB Jorge Vázquez 0-0: Called Strike
0-1: Foul Ball, location: 2F
0-2: Ball
1-2: Ball
2-2: SINGLE (Groundball, 34D)
Batting: LHB Jim Unknown 0-0: Fly out, F5 (Popup, 5DF)
Batting: LHB Herman Gilliland 0-0: Fly out, F8 (Flyball, 8LM)
Bottom of the 2nd over - 3 run(s), 2 hit(s), 0 error(s), 1 left on base; Rappahannock 1 - Wichita 4
TOP OF THE 3RD
Rappahannock Partisans batting - Pitching for Wichita Outriders : RHP Jim Unknown
Batting: RHB Ángel Ruezga 0-0: Called Strike
0-1: Ball
1-1: Ball
2-1: Ball
3-1: Foul Ball, location: 2F
3-2: Base on Balls
Batting: RHB Bill Taylor 0-0: Ball
1-0: Ball
2-0: Called Strike
2-1: Grounds into double play, U4-3 (Groundball, 4)
Batting: LHB Alfonso López 0-0: Ball
1-0: Ball
2-0: Called Strike
2-1: Swinging Strike
2-2: Strikes out looking
Top of the 3rd over - 0 run(s), 0 hit(s), 0 error(s), 0 left on base; Rappahannock 1 - Wichita 4
BOTTOM OF THE 3RD
Wichita Outriders batting - Pitching for Rappahannock Partisans : RHP Jim Unknown
Batting: RHB Jim Unknown 0-0: Ball
1-0: Ground out 1-3 (Groundball, 15)
Batting: SHB Jim Unknown 0-0: Called Strike
0-1: Called Strike
0-2: Ball
1-2: Foul Ball, location: 2F
1-2: Foul Ball, location: 2F
1-2: Strikes out swinging
Batting: RHB Christian O'Neal 0-0: Ball
1-0: Ball
2-0: Ball
3-0: Called Strike
3-1: Base on Balls
Batting: RHB Jim Unknown Pickoff Throw to First - Out!
Bottom of the 3rd over - 0 run(s), 0 hit(s), 0 error(s), 0 left on base; Rappahannock 1 - Wichita 4
TOP OF THE 4TH
Rappahannock Partisans batting - Pitching for Wichita Outriders : RHP Jim Unknown
Batting: RHB Eduardo Manuel 0-0: Called Strike
0-1: Ball
1-1: Ball
2-1: Ball
3-1: Called Strike
3-2: SINGLE (Line Drive, 4D)
Batting: RHB José Mata 0-0: Foul Ball, location: 2F
0-1: Ball
1-1: Foul Ball, location: 2F
1-2: Ball
2-2: Foul Ball, location: 2F
2-2: Ball
3-2: Foul Ball, location: 2F
3-2: Base on Balls
Eduardo Manuel to second
Batting: RHB Cipriano Oliveira 0-0: Ball
1-0: Ball
2-0: Foul Ball, location: 2F
2-1: Foul Ball, location: 2F
2-2: Grounds into double play, 6-4-3 (Groundball, 6M)
Eduardo Manuel to third
Batting: RHB Colby Turner 0-0: Ball
1-0: Called Strike
1-1: Foul Ball, location: 2F
1-2: Ball
2-2: Ball
3-2: Strikes out looking
Top of the 4th over - 0 run(s), 1 hit(s), 0 error(s), 1 left on base; Rappahannock 1 - Wichita 4
BOTTOM OF THE 4TH
Wichita Outriders batting - Pitching for Rappahannock Partisans : RHP Jim Unknown
Batting: RHB Jim Unknown 0-0: Called Strike
0-1: Ball
1-1: Ball
2-1: SINGLE (Line Drive, 5D)
Batting: LHB Jim Unknown 0-0: Swinging Strike
0-1: Ball
1-1: Ball
2-1: Swinging Strike
2-2: Strikes out looking
Batting: RHB Jorge Rocha 0-0: Ball
1-0: Ball
2-0: Swinging Strike
2-1: Ball
3-1: Base on Balls
Jim Unknown to second
Batting: RHB Jorge Vázquez 0-0: Ball
1-0: Ball
2-0: Called Strike
2-1: Ball
3-1: Swinging Strike
3-2: Base on Balls
Jim Unknown to third
Jorge Rocha to second
Batting: LHB Jim Unknown 0-0: Ball
1-0: Fielders Choice at 2nd, 4-6 (Groundball, 34)
Jim Unknown scores
Jorge Rocha to third
Pitching: RHP Jon Shankle
Batting: LHB Herman Gilliland 0-0: Called Strike
0-1: Swinging Strike
0-2: Ball
1-2: Fly out, F6 (Popup, 6MD)
Bottom of the 4th over - 1 run(s), 1 hit(s), 0 error(s), 2 left on base; Rappahannock 1 - Wichita 5
TOP OF THE 5TH
Rappahannock Partisans batting - Pitching for Wichita Outriders : RHP Jim Unknown
Batting: LHB Marvin von Seydlitz 0-0: Ball
1-0: Called Strike
1-1: Ball
2-1: Ball
3-1: Swinging Strike
3-2: Base on Balls
Batting: LHB Miguel Mendoza 0-0: Ball
1-0: Grounds into double play, 4-6-3 (Groundball, 4)
Batting: RHB Ángel Ruezga 0-0: Ball
1-0: Called Strike
1-1: Ground out 5-3 (Groundball, 56S)
Top of the 5th over - 0 run(s), 0 hit(s), 0 error(s), 0 left on base; Rappahannock 1 - Wichita 5
BOTTOM OF THE 5TH
Wichita Outriders batting - Pitching for Rappahannock Partisans : RHP Jon Shankle
Batting: RHB Jim Unknown 0-0: Foul Ball, location: 2F
0-1: Ground out 6-3 (Groundball, 6M)
Batting: SHB Jim Unknown 0-0: Ground out 5-3 (Groundball, 56)
Batting: RHB Christian O'Neal 0-0: Ball
1-0: Ball
2-0: Ball
3-0: Called Strike
3-1: Called Strike
3-2: DOUBLE (Line Drive, 7LD)
Batting: RHB Jim Unknown 0-0: Called Strike
0-1: Ball
1-1: Fly out, F4 (Popup, 8RS)
Bottom of the 5th over - 0 run(s), 1 hit(s), 0 error(s), 1 left on base; Rappahannock 1 - Wichita 5
TOP OF THE 6TH
Rappahannock Partisans batting - Pitching for Wichita Outriders : RHP Jim Unknown
Batting: RHB Bill Taylor 0-0: Fly out, F8 (Line Drive, 8LM)
Batting: LHB Alfonso López 0-0: Fly out, F7 (Line Drive, 7M)
Batting: RHB Eduardo Manuel 0-0: Foul Ball, location: 2F
0-1: SINGLE (Line Drive, 8LS)
Batting: RHB José Mata 0-0: Called Strike
0-1: Reached on error, E6 (Groundball, 6)
Eduardo Manuel to second
Batting: RHB Cipriano Oliveira 0-0: Ball
1-0: Foul Ball, location: 2F
1-1: Swinging Strike
1-2: Strikes out swinging
Top of the 6th over - 0 run(s), 1 hit(s), 1 error(s), 2 left on base; Rappahannock 1 - Wichita 5
BOTTOM OF THE 6TH
Wichita Outriders batting - Pitching for Rappahannock Partisans : RHP Jon Shankle
Batting: LHB Jim Unknown 0-0: Foul Ball, location: 2F
0-1: Called Strike
0-2: Strikes out swinging, 2-3 out at first.
Batting: RHB Jorge Rocha 0-0: Foul Ball, location: 2F
0-1: Ball
1-1: Foul Ball, location: 2F
1-2: Ball
2-2: Ball
3-2: Strikes out swinging
Batting: RHB Jorge Vázquez 0-0: Called Strike
0-1: Foul Ball, location: 2F
0-2: Ball
1-2: Ball
2-2: DOUBLE (Line Drive, 9LM)
Batting: LHB Jim Unknown 0-0: Swinging Strike
0-1: Called Strike
0-2: Fly out, F6 (Popup, 6MD)
Bottom of the 6th over - 0 run(s), 1 hit(s), 0 error(s), 1 left on base; Rappahannock 1 - Wichita 5
TOP OF THE 7TH
Rappahannock Partisans batting - Pitching for Wichita Outriders : RHP Jim Unknown
Batting: RHB Colby Turner 0-0: Called Strike
0-1: Ball
1-1: Ball
2-1: Called Strike
2-2: Ball
3-2: Strikes out swinging
Batting: LHB Marvin von Seydlitz 0-0: Ball
1-0: Ground out 4-3 (Groundball, 4)
Batting: LHB Miguel Mendoza 0-0: Foul Ball, location: 2F
0-1: Ground out U3 (Groundball, 3S)
Top of the 7th over - 0 run(s), 0 hit(s), 0 error(s), 0 left on base; Rappahannock 1 - Wichita 5
BOTTOM OF THE 7TH
Wichita Outriders batting - Pitching for Rappahannock Partisans : RHP Jon Shankle
Pitching: RHP Lindsay Turner
Batting: LHB Herman Gilliland 0-0: Ball
1-0: Ground out 6-3 (Groundball, 6M)
Batting: RHB Jim Unknown 0-0: Ball
1-0: Ball
2-0: Ground out 5-3 (Groundball, 5)
Batting: SHB Jim Unknown 0-0: Ball
1-0: Foul Ball, location: 2F
1-1: Ball
2-1: SINGLE (Line Drive, 6M)
Batting: RHB Christian O'Neal 0-0: Called Strike
0-1: Ball
1-1: Ground out 1-3 (Groundball, 15)
Bottom of the 7th over - 0 run(s), 1 hit(s), 0 error(s), 1 left on base; Rappahannock 1 - Wichita 5
TOP OF THE 8TH
Rappahannock Partisans batting - Pitching for Wichita Outriders : RHP Jim Unknown
Batting: RHB Ángel Ruezga 0-0: Ball
1-0: Ball
2-0: Ground out 5-3 (Groundball, 5)
Batting: RHB Bill Taylor 0-0: Swinging Strike
0-1: Swinging Strike
0-2: Ball
1-2: Strikes out looking
Batting: LHB Alfonso López 0-0: Ball
1-0: Ground out 4-3 (Groundball, 4)
Top of the 8th over - 0 run(s), 0 hit(s), 0 error(s), 0 left on base; Rappahannock 1 - Wichita 5
BOTTOM OF THE 8TH
Wichita Outriders batting - Pitching for Rappahannock Partisans : RHP Lindsay Turner
Batting: RHB Jim Unknown 0-0: Ground out 6-3 (Groundball, 6)
Batting: LHB Jim Unknown 0-0: Called Strike
0-1: Ball
1-1: Ball
2-1: Foul Ball, location: 2F
2-2: Foul Ball, location: 2F
2-2: Fly out, F7 (Flyball, 7M)
Batting: RHB Jorge Rocha 0-0: Ball
1-0: Called Strike
1-1: Foul Ball, location: 2F
1-2: Ball
2-2: Strikes out swinging
Bottom of the 8th over - 0 run(s), 0 hit(s), 0 error(s), 0 left on base; Rappahannock 1 - Wichita 5
TOP OF THE 9TH
Rappahannock Partisans batting - Pitching for Wichita Outriders : RHP Jim Unknown
Pitching: LHP Jim Unknown
Batting: RHB Eduardo Manuel 0-0: Ball
1-0: Called Strike
1-1: Ball
2-1: Ball
3-1: Ground out 5-3 (Groundball, 15S)
Batting: RHB José Mata 0-0: Swinging Strike
0-1: Swinging Strike
0-2: Ground out 4-3 (Groundball, 34)
Batting: RHB Cipriano Oliveira 0-0: Ball
1-0: Called Strike
1-1: Called Strike
1-2: Foul Ball, location: 2F
1-2: Ball
2-2: Ground out 5-3 (Groundball, 5)
Top of the 9th over - 0 run(s), 0 hit(s), 0 error(s), 0 left on base; Rappahannock 1 - Wichita 5
This league is powered by Out of the Park Baseball, the baseball management simulation game for PC, Mac and Linux
Monday, May 4th, 2015 - OOTP Baseball 15.6 Build 34